 Dungeon Crawl Stone Soup version 0.30-a0-956-gcec3b41aec (webtiles) character file.

Game seed: 897457509549089016

444 lunkers the Digger (level 7, -3/55 HPs)
             Began as a Meteoran Earth Elementalist on Mar 29, 2023.
             Was a Believer of Lugonu.
             Shot with an arrow by a centaur (7 damage)
             ... on level 5 of the Dungeon.
             The game lasted 00:04:11 (1078 turns).

lunkers the Digger (Meteoran Earth Elementalist)    Turns: 1078, Time: 00:04:11

Health: -3/55      AC:  3    Str:  9    XL:     7   Next: 48%
Magic:  12/14      EV: 10    Int: 26    God:    Lugonu [**....]
Gold:   124        SH:  7    Dex: 15    Spells: 4/14 levels left

rFire   . . .      SeeInvis +    n - +7 sling "Racavizi" {flame, *Slow rN+ Int+7 SInv}
rCold   . . .      Faith    .    r - +0 kite shield
rNeg    + . .      Spirit   .    a - +0 robe
rPois   .          Reflect  .    j - +0 helmet
rElec   .          Rampage  .    (no cloak)
rCorr   .                        (no gloves)
Will    .....                    (no boots)
Stlth   +                        e - amulet of magic regeneration
HPRegen 0.29/turn                (no ring)
MPRegen 0.54/turn                (no ring)

@: very slightly contaminated, glowing
A: sense surroundings 1, otherworldly, glowing, explore regen
a: Renounce Religion, Depart the Abyss, Banish


You were on level 5 of the Dungeon.
You worshipped Lugonu.
Lugonu was pleased with you.
You visited 1 branch of the dungeon, and saw 5 of its levels.

You collected 124 gold pieces.

Inventory:

Hand Weapons
 n - the +7 sling "Racavizi" (weapon) {flame, *Slow rN+ Int+7 SInv}
   (You found it on level 4 of the Dungeon)

   Int:       It affects your intelligence (+7).
   rN:        It protects you from negative energy.
   SInv:      It lets you see invisible.
   *Slow:     It may slow you when you take damage.
 q - a +0 morningstar of draining
Armour
 a - a +0 robe (worn)
 j - a +0 helmet (worn)
 r - a +0 kite shield (worn)
Jewellery
 e - an amulet of magic regeneration (around neck)
Wands
 l - a wand of roots (13)
Scrolls
 c - a scroll of summoning {unknown}
 d - a scroll of magic mapping {unknown}
 i - a scroll of noise {unknown}
 o - a scroll of fog {unknown}
 p - a scroll of brand weapon {unknown}
 s - a scroll of identify {unknown}
Potions
 b - a potion of magic
 f - a potion of degeneration {unknown}
 g - a potion of attraction {unknown}
 h - a potion of lignification {unknown}
 k - a potion of mutation {unknown}
 m - a potion of flight {unknown}


   Skills:
 + Level 2.3 Fighting
 * Level 4.5 Ranged Weapons
 - Level 2.4 Dodging
 - Level 1.4 Stealth
 - Level 4.2 Spellcasting
 - Level 0.1 Conjurations
 - Level 1.2 Transmutations
 - Level 6.0 Earth Magic


You had 4 spell levels left.
You knew the following spells:

 Your Spells              Type           Power      Damage    Failure   Level
b - Passwall              Tmut/Erth      20%        N/A       11%         2
c - Stone Arrow           Conj/Erth      42%        3d9       26%         3
d - Petrify               Tmut/Erth      24%        N/A       56%         4
p - Sandblast             Erth           74%        2d16      2%          1

Your spell library contained the following spells:

 Spells                   Type           Power      Damage    Failure   Level
 Sting                    Tmut/Pois      32%        1d4       24%         1
 Freeze                   Ice            20%        1d4       30%         1
 Poisonous Vapours        Pois/Air       10%        N/A       43%         2
 Hailstorm                Conj/Ice       5%         3d4       65%         3
 Frozen Ramparts          Ice            10%        1d2       67%         3
 Olgreb's Toxic Radiance  Pois           5%         N/A       97%         4


Dungeon Overview and Level Annotations

Branches:
Dungeon (5/15) Zot: 1883
 Temple: D:4-7

Altars:
Qazlal
Uskayaw
Lugonu


Innate Abilities, Weirdness & Mutations

You passively map a small area around you.
You are easily found by Zot.
You glow in the dark.
You regain HP and MP as you explore.


Message History

The centaur shoots an arrow.
You block the arrow.
You shoot a sling bullet. The centaur shouts!
The sling bullet hits the centaur.
The sling bullet burns the centaur.
The centaur is lightly wounded.
The centaur wields a +0 shortbow.
The centaur shoots an arrow.
The arrow hits you!
You shoot a sling bullet.
The sling bullet completely misses the centaur.
The sling bullet hits the centaur but does no damage.
The centaur shoots an arrow.
The arrow hits you.
The centaur shoots an arrow.
The arrow hits you!
* * * LOW HITPOINT WARNING * * *
Fire: n) +7 sling "Racavizi" {flame, *Slow rN+ Int+7 SInv}
Press: ? - help, Q - select action, (/) - cycle Shift-Dir - straight line, f/p - centaur
Aim: a centaur, wielding a +0 shortbow (lightly wounded, 76% to hit)
You shoot a sling bullet.
The sling bullet barely misses the centaur.
The centaur shoots an arrow.
You block the arrow.
Casting: Stone Arrow (dangerous; 26% risk of failure)
Confirm with . or Enter, or press ? or * to list all spells.
Aiming: Stone Arrow (dangerous; 26% risk of failure)
Press: ? - help, Shift-Dir - straight line, f/p - centaur
Aim: a centaur, wielding a +0 shortbow (lightly wounded, 83% to hit)
The stone arrow hits the centaur!
The centaur is almost dead.
The centaur shoots an arrow.
You block the arrow.
The centaur shoots an arrow.
The arrow hits you!
* * * LOW HITPOINT WARNING * * *
The centaur shoots an arrow.
The arrow barely misses you.
Casting: Stone Arrow (dangerous; 26% risk of failure)
Confirm with . or Enter, or press ? or * to list all spells.
Aiming: Stone Arrow (dangerous; 26% risk of failure)
Press: ? - help, Shift-Dir - straight line, f/p - centaur
Aim: a centaur, wielding a +0 shortbow (almost dead, 83% to hit)
You miscast Stone Arrow.
You are very lightly contaminated with residual magic.
Nothing appears to happen.
Magical energy flows into your mind!
The centaur shoots an arrow.
The arrow hits you!
You die...

* , , , #, .... ,
#. * , ....... , .#
, ........+ , #
,,., ,........#* *
... #. ,........##
,
#..#.##+#.........
,
#..............##*
**
#c...@..†.......# ,
..c...............#
** *
..#...............#
, , ,
,*#..(...........<#
,
#...............##
,
...#.............#
,* *
.................#
,
...........##...##*
.!............# *


You could see 2 centaurs.

Vanquished Creatures
  Menkaure (D:4)
  An ogre (D:4)
  A scorpion (D:5)
  An iguana (D:5)
  Terence (D:3)
  2 orc wizards (D:3)
  3 adders
  An ufetubus (D:3)
  A dart slug (D:1)
  6 orcs
  6 ball pythons
  5 endoplasms
  6 giant cockroaches
  A goblin (D:2)
  3 hobgoblins
  2 kobolds
  A quokka (D:1)
  4 bats
  A frilled lizard (D:2)
  A rat (D:1)
48 creatures vanquished.

Vanquished Creatures (others)
  2 fungi (D:1)
  3 plants (D:1)
5 creatures vanquished.

Grand Total: 53 creatures vanquished

Notes
Turn   | Place    | Note
-------+----------+-------------------------------------------
     0 | D:1      | lunkers the Meteoran Earth Elementalist began the quest for
                  | the Orb.
     0 | D:1      | Reached XP level 1. HP: 14/14 MP: 5/5
    76 | D:1      | Reached XP level 2. HP: 18/20 MP: 3/6
    88 | D:1      | Reached skill level 4 in Earth Magic
   129 | D:1      | Found a faded altar of an unknown god.
   142 | D:1      | Prayed at the altar of an unknown god.
   142 | D:1      | Became a worshipper of Lugonu the Unformed
   142 | D:1      | Reached * piety under Lugonu
   232 | D:2      | Reached XP level 3. HP: 26/26 MP: 5/8
   461 | D:3      | Reached skill level 5 in Earth Magic
   461 | D:3      | Reached XP level 4. HP: 33/33 MP: 7/10
   480 | D:3      | Reached XP level 5. HP: 23/38 MP: 8/12
   523 | D:3      | Found a stormy altar of Qazlal.
   559 | D:3      | Noticed Terence
   564 | D:3      | Learned a level 2 spell: Passwall
   568 | D:3      | Learned a level 3 spell: Stone Arrow
   577 | D:3      | Killed Terence
   578 | D:3      | Reached skill level 6 in Earth Magic
   671 | D:3      | Reached ** piety under Lugonu
   751 | D:4      | Identified the +7 sling "Racavizi" {flame, *Slow rN+ Int+7
                  | SInv}
   850 | D:4      | Noticed Menkaure
   855 | D:4      | Killed Menkaure
   856 | D:4      | Reached XP level 6. HP: 43/45 MP: 13/13
   885 | D:4      | Noticed an ogre
   898 | D:4      | Killed an ogre
   899 | D:4      | Reached skill level 1 in Fighting
   899 | D:4      | Reached XP level 7. HP: 31/53 MP: 10/14
   904 | D:4      | Learned a level 4 spell: Petrify
  1026 | D:4      | Found a hide-covered altar of Uskayaw.
  1050 | D:5      | Entered Level 5 of the Dungeon
  1078 | D:5      | Shot with an arrow by a centaur

Illustrated notes

Levels and vault maps discovered:
D:1:      minmay_arrival_cross, layout_loops_ring,
          shapermc_ecumenical_altar_mp_urbaneastern
D:2:      layout_basic, basic_altar, serial_rivers,
          chequers_serial_rivers_micro_a, chequers_serial_rivers_micro_b,
          chequers_serial_rivers_micro_d, chequers_serial_rivers_large_a,
          chequers_serial_rivers_micro_a, chequers_serial_rivers_room_b
D:3:      layout_basic, overflow_temple_1_default, minmay_misc_feat_enclosed,
          minmay_hedge_maze, kennysheep_orc_chapel, uniq_terence
D:4:      layout_gridville, nicolae_uskayaw_murder_on_the_dancefloor,
          dreamdust_princess_bridge, uniq_menkaure
D:5:      layout_basic, jmf_multi_god_temple,
          mainiacjoe_overflow_small_starburst, minmay_manual_mares,
          uniq_sigmund, uniq_eustachio

Skill      XL: |  1  2  3  4  5  6  7 |
---------------+----------------------+-----
Spellcasting   | 3 4 |  4.2
Earth Magic    | 4 5 6 |  6.0
Ranged Weapons | 3 4 |  4.5
Fighting       | 1 2 |  2.3
Dodging        | |  2.4
Stealth        | |  1.4
Conjurations   | |  0.1
Transmutations | |  1.2

Action                     |  1- 3 |  4- 6 |  7- 9 || total
---------------------------+-------+-------+-------++-------
  Melee: Unarmed           |    35 |       |       ||    35
   Fire: Sling             |       |    23 |    13 ||    36
   Cast: Sandblast         |    35 |    20 |       ||    55
         Stone Arrow       |       |     5 |     1 ||     6
 Armour: Robe              |     1 |     3 |       ||     4
  Dodge: Dodged            |     6 |    16 |     2 ||    24
  Block: Kite shield       |       |       |     3 ||     3

Table legend: (Time is in decaauts)
 A = Elapsed time spent in this place.
 B = Non-inter-level travel time spent in this place.
 C = Inter-level travel time spent in this place.
 D = Time resting spent in this place.
 E = Time spent auto-exploring this place.
 F = Levels seen in this place.
 G = Mean time per level.
                   A        B        C        D        E       F      G
               +--------+--------+--------+--------+--------+-----+--------+
         Total |   1115 |   1070 |     45 |      0 |    654 |   5 |  223.0 |
       Dungeon |   1115 |   1070 |     45 |      0 |    654 |   5 |  223.0 |
               +--------+--------+--------+--------+--------+-----+--------+

Top non-repeatable levels by time:
     D:3: 382 daAuts
     D:4: 308 daAuts
     D:1: 202 daAuts
     D:2: 190 daAuts
     D:5: 31 daAuts
